 Dungeon Crawl Stone Soup version 0.30.1-11-g7821555f0a (webtiles) character file.

Game seed: 14099307016573717986

63546 gasfasgas the Warrior (level 14, 0/223 HPs)
             Began as a Minotaur Berserker on Nov 12, 2023.
             Was a High Priest of Trog.
             Slain by Snorg (11 damage)
             ... on level 2 of the Orcish Mines.
             The game lasted 00:42:19 (16896 turns).

gasfasgas the Warrior (Minotaur Berserker)         Turns: 16896, Time: 00:42:20

Health: 0/223      AC:  9    Str: 36    XL:     14   Next: 68%
Magic:  13/13      EV: 12    Int:  3    God:    Trog [*****.]
Gold:   1390       SH:  0    Dex: 10    Spells: 13/13 levels left

rFire   + . .        H - +8 battleaxe
rCold   x . .        (shield currently unavailable)
rNeg    . . .        K - +2 leather armour {rPois}
rPois   +            (helmet restricted)
rElec   .            (no cloak)
rCorr   .            (no gloves)
SInv    .            G - +2 pair of boots {rampage}
Will    +++..        g - amulet of regeneration Stlth
                     N - +6 ring of strength
HPRegen 2.37/turn    f - ring of fire
MPRegen 0.13/turn

%: rampage
@: berserking, strong-willed, spiked, regenerating, very quick
A: horns 2, retaliatory headbutt, sense surroundings 1, strong 1
a: Renounce Religion, Berserk, Trog's Hand, Brothers in Arms


You were on level 2 of the Orcish Mines.
You worshipped Trog.
Trog was extremely pleased with you.
You visited 3 branches of the dungeon, and saw 18 of its levels.

You collected 1390 gold pieces.

Inventory:

Hand Weapons
 E - a +0 war axe
 H - a +8 battleaxe (weapon)
Armour
 G - a +2 pair of boots of rampaging (worn)
 K - a +2 leather armour of poison resistance (worn)
Jewellery
 e - a ring of positive energy
 f - a ring of fire (right hand)
 g - an amulet of regeneration (around neck)
 y - a ring of see invisible
 I - a +6 ring of intelligence
 J - a ring of flight
 L - a ring of poison resistance
 N - a +6 ring of strength (left hand)
 O - an amulet of the acrobat
 T - a ring of magical power
 W - a ring of ice
 Y - the amulet of Redot {Spirit Rampage}
   (You found it on level 4 of the Lair of Beasts)

   [amulet of guardian spirit]

   It causes incoming damage to be divided between your reserves of health and
   magic.
   Rampage:   It bestows one free step when moving towards enemies.
Wands
 w - a wand of roots (19)
 x - a wand of paralysis (26)
 M - a wand of mindburst (31)
 P - a wand of flame (14)
 V - a wand of digging (3)
Scrolls
 a - a scroll of torment
 l - 10 scrolls of teleportation
 n - 5 scrolls of blinking
 o - 2 scrolls of noise
 r - 5 scrolls of immolation
 t - 4 scrolls of amnesia
 u - 2 scrolls of fear
 v - 6 scrolls of magic mapping
 z - 2 scrolls of fog
 C - 3 scrolls of vulnerability
 Q - 2 scrolls of silence
 R - 2 scrolls of butterflies
 S - 2 scrolls of enchant armour
Potions
 b - 5 potions of magic
 c - 4 potions of mutation
 d - 2 potions of might
 h - 4 potions of flight
 i - 4 potions of attraction {unknown}
 k - a potion of cancellation {unknown}
 m - 3 potions of berserk rage {unknown}
 p - 2 potions of brilliance {unknown}
 q - a potion of haste {unknown}
 s - 2 potions of invisibility {unknown}
 A - 7 potions of heal wounds
 B - 8 potions of curing
 D - 3 potions of lignification {unknown}
 F - a potion of ambrosia {unknown}


   Skills:
 + Level 20.8 Fighting
 - Level 20.7 Axes
 + Level 10.2 Armour
 - Level 2.1 Dodging


You had 13 spell levels left.
You didn't know any spells.
Your spell library was empty.

Dungeon Overview and Level Annotations

Branches:
Dungeon (11/15)            Temple (0/1) D:4            Lair (5/5) D:11
 Shoals (0/4) Lair:2       Spider (0/4) Lair:2        Slime (0/5) Lair:4
    Orc (2/2) D:9             Elf (0/3) Orc:2

Altars:
Cheibriados
Elyvilon
Qazlal
Wu Jian
Xom
Yredelemnul
The Shining One

Shops:
Orc:2 ??

Annotations:
Orc:2 Snorg


Innate Abilities, Weirdness & Mutations

You have a pair of horns on your head.
You reflexively headbutt those who attack you in melee.
You passively map a small area around you.
Your muscles are strong. (Str +4, Int/Dex -1)


Message History

Trog accepts your kill.
Trog appreciates your killing of a magic user.
You slice the orc warrior!! You slice the orc knight!!
You kill the orc knight!
Trog accepts your kill.
You slash the sixfirhy! You completely miss Snorg. You slice the orc warrior!!
You kill the orc warrior!
Trog accepts your kill.
You slice the sixfirhy!!
You kill the sixfirhy!
The sixfirhy disappears in a puff of smoke!
The orc warrior hits you from afar with a +0 halberd!
* * * LOW HITPOINT WARNING * * *
You hit the orc knight. You headbutt the orc knight!!
The orc knight is moderately wounded.
You slice the orc knight!! You slash the orc sorcerer! You barely miss Snorg.
You slice something!! Trog accepts your kill.
Trog appreciates your killing of a magic user.
Reactivating autopickup.
You feel a bit more experienced. Snorg closely misses you.
Snorg barely misses you. Snorg claws you!
* * * LOW HITPOINT WARNING * * *
You slice the orc sorcerer!!
You kill the orc sorcerer!
Trog accepts your kill.
Trog appreciates your killing of a magic user.
You hit the orc knight but do no damage.
You slice Snorg!!
You open the orc knight like a pillowcase!!!
You feel the power of Trog in you as your rage grows.
You kill the orc knight!
Trog accepts your kill.
The orc warrior no longer looks unusually strong.
The orc priest calls upon Beogh to heal the orc knight.
The orc knight is healed somewhat.
The orc knight completely misses you.
The orc warrior hits you but does no damage.
Snorg bites you!
You die...

,,, #.##....#
#.#....... #.##...##
*.#......#####.##...##
....................
,#..oo..#####.##.....
*.oo......##.##.....
## #
#§§o.§...##.##.....
.## #∩
#)oT.#...##.##.....
..# #.
#@)##..##..##..... .##
#∩.#)##...##.###...#.
## ## *#.....).##..#
#...#. ####.##
##....)##..## #....#
.##...#*###
#####))..## #...##
.....###..# ######
#..## ..#..#....##
#####..# ............
#.....## .......##...
####.#..##


You could see Snorg (berserk), an orc knight (strong), an orc warrior and 2 orc
priests.

Vanquished Creatures
  Fannar (Lair:1)
  Erolcha (Orc:1)
  A catoblepas (Lair:5)
  3 hydras
  4 two-headed ogres
  7 death yaks
  2 orc high priests (Orc:2)
  Urug (Lair:2)
  A skyshark (Lair:5)
  Amaemon (Lair:2)
  4 orc knights
  A lindwurm (Lair:5)
  3 harpies (Lair:2)
  A cyclops (D:11)
  6 orc sorcerers
  13 elephants
  Maurice (D:8)
  A torpor snail (Lair:5)
  6 black mambas
  An orange demon (Lair:2)
  A gargoyle (D:11)
  19 cane toads
  4 kobold demonologists (D:11)
  3 unseen horrors
  2 rime drakes
  8 komodo dragons
  2 polar bears
  6 trolls
  Prince Ribbit (D:6)
  9 blink frogs
  2 hornets
  4 slime creatures (Lair:4)
  2 jumping spiders (Lair:2)
  Sigmund (D:5)
  5 shadows
  A wraith (D:10)
  6 wyverns
  8 basilisks
  37 yaks
  A steam dragon (D:10)
  3 wargs
  An acid dragon (D:10)
  15 water moccasins
  Duvessa (D:5)
  2 sky beasts
  3 ice beasts
  3 black bears
  23 orc warriors
  26 wolves
  An ogre (Orc:1)
  7 centaurs
  6 kobold brigands
  A phantom (D:6)
  11 bullfrogs
  2 scorpions
  A gnoll sergeant (D:9)
  9 wights (D:7)
  Dowan (D:5)
  9 killer bees
  2 electric eels (Lair:4)
  2 hounds
  2 jellies
  16 orc priests
  3 sleepcaps
  An iron imp (D:3)
  3 iguanas (D:5)
  26 orc wizards
  13 adders
  7 gnolls
  A worm (D:3)
  2 dart slugs (D:1)
  69 orcs
  3 endoplasms (D:4)
  3 giant cockroaches
  13 goblins
  4 hobgoblins
  6 jackals
  30 kobolds
  A quokka (D:4)
  4 ball pythons
  10 bats
  4 frilled lizards
  4 rats
535 creatures vanquished.

Vanquished Creatures (collateral kills)
  A deep troll shaman (Lair:5)
  2 death yaks (Lair:5)
  A lindwurm (Lair:5)
  A cane toad (Lair:5)
  A komodo dragon (Lair:5)
6 creatures vanquished.

Vanquished Creatures (others)
  An unseen horror (D:10)
1 creature vanquished.

Grand Total: 542 creatures vanquished

Notes
Turn   | Place    | Note
-------+----------+-------------------------------------------
     0 | D:1      | gasfasgas the Minotaur Berserker began the quest for the
                  | Orb.
     0 | D:1      | Reached XP level 1. HP: 19/19 MP: 0/0
   124 | D:1      | Reached XP level 2. HP: 24/26 MP: 1/1
   312 | D:1      | Reached skill level 5 in Axes
   324 | D:1      | You fall into a shaft and drop 1 floor!
   415 | D:2      | Reached XP level 3. HP: 24/31 MP: 2/2
   415 | D:2      | Reached ** piety under Trog
   769 | D:1      | Reached XP level 4. HP: 37/39 MP: 3/3
  1647 | D:3      | Found a snail-covered altar of Cheibriados.
  1771 | D:3      | Reached XP level 5. HP: 45/45 MP: 4/4
  1897 | D:3      | Noticed an ice beast
  1908 | D:3      | Killed an ice beast
  2050 | D:3      | Reached XP level 6. HP: 51/51 MP: 5/5
  2623 | D:4      | Reached *** piety under Trog
  2786 | D:4      | Reached XP level 7. HP: 48/57 MP: 6/6
  2849 | D:4      | Reached skill level 10 in Axes
  3281 | D:4      | Found a staircase to the Ecumenical Temple.
  3332 | D:5      | Entered Level 5 of the Dungeon
  3377 | D:5      | Noticed Sigmund
  3385 | D:5      | Killed Sigmund
  3425 | D:5      | Found a stormy altar of Qazlal.
  4067 | D:5      | Found a shimmering altar of Xom.
  4141 | D:5      | Found an ornate altar of the Wu Jian Council.
  4153 | D:5      | Reached XP level 8. HP: 49/64 MP: 7/7
  4292 | D:5      | Noticed Dowan
  4293 | D:5      | Noticed Duvessa
  4304 | D:5      | Killed Duvessa
  4311 | D:5      | Killed Dowan
  4541 | D:6      | Noticed Prince Ribbit
  4547 | D:6      | Killed Prince Ribbit
  5083 | D:6      | Reached XP level 9. HP: 70/70 MP: 8/8
  5851 | D:7      | Reached skill level 15 in Axes
  5955 | D:7      | Reached **** piety under Trog
  6693 | D:8      | Noticed Maurice
  6702 | D:8      | Killed Maurice
  6733 | D:8      | Found a glowing golden altar of the Shining One.
  6890 | D:8      | Reached XP level 10. HP: 67/77 MP: 9/9
  7168 | D:9      | Found a staircase to the Orcish Mines.
  7364 | D:9      | Noticed a two-headed ogre
  7375 | D:9      | Killed a two-headed ogre
  7872 | D:10     | Entered Level 10 of the Dungeon
  8000 | D:10     | Reached ***** piety under Trog
  8195 | D:10     | Noticed a two-headed ogre
  8205 | D:10     | Killed a two-headed ogre
  8464 | D:10     | Noticed a two-headed ogre
  8473 | D:10     | Killed a two-headed ogre
  8474 | D:10     | Reached XP level 11. HP: 82/82 MP: 10/10
  8800 | D:10     | Found a basalt altar of Yredelemnul.
  8928 | D:10     | Noticed an eight-headed hydra
  8933 | D:10     | Killed an 11-headed hydra
  9218 | D:10     | Found a white marble altar of Elyvilon.
  9397 | D:11     | Noticed a sun demon
  9401 | D:11     | Reached skill level 5 in Fighting
  9503 | D:11     | Reached skill level 5 in Armour
  9532 | D:11     | Found a staircase to the Lair.
  9611 | D:11     | Gained mutation: You are clumsy. (Dex -2) [potion of
                  | mutation]
  9611 | D:11     | Gained mutation: You have very sharp teeth. [potion of
                  | mutation]
  9620 | D:11     | Lost mutation: You have very sharp teeth. [potion of
                  | mutation]
  9620 | D:11     | Lost mutation: You are clumsy. (Dex -2) [potion of
                  | mutation]
  9620 | D:11     | Gained mutation: You have an increased reservoir of magic.
                  | (+10% MP) [potion of mutation]
  9620 | D:11     | Gained mutation: You have large cloven feet. [potion of
                  | mutation]
  9634 | D:11     | Lost mutation: You have an increased reservoir of magic.
                  | (+10% MP) [potion of mutation]
  9634 | D:11     | Lost mutation: You have large cloven feet. [potion of
                  | mutation]
  9634 | D:11     | Gained mutation: You occasionally lose the ability to drink
                  | potions when taking damage. [potion of mutation]
  9634 | D:11     | Gained mutation: You have sharp toenails. [potion of
                  | mutation]
  9635 | D:11     | Lost mutation: You have sharp toenails. [potion of
                  | mutation]
  9635 | D:11     | Lost mutation: You occasionally lose the ability to drink
                  | potions when taking damage. [potion of mutation]
  9635 | D:11     | Gained mutation: Your muscles are strong. (Str +4, Int/Dex
                  | -1) [potion of mutation]
  9635 | D:11     | Gained mutation: You passively map a small area around you.
                  | [potion of mutation]
  9821 | D:11     | Reached XP level 12. HP: 78/103 MP: 11/11
 10203 | Lair:1   | Entered Level 1 of the Lair of Beasts
 10413 | Lair:1   | Noticed Fannar
 10425 | Lair:1   | Killed Fannar
 10426 | Lair:1   | Reached skill level 10 in Fighting
 11091 | Lair:2   | Found a staircase to the Shoals.
 11197 | Lair:2   | Found a hole to the Spider Nest.
 11202 | Lair:2   | Noticed Urug
 11209 | Lair:2   | Killed Urug
 11526 | Lair:2   | Noticed Amaemon
 11541 | Lair:2   | Killed Amaemon
 12068 | Lair:3   | Noticed a seven-headed hydra
 12078 | Lair:3   | Killed an 11-headed hydra
 12269 | Lair:3   | Noticed a seven-headed hydra
 12278 | Lair:3   | Killed a 12-headed hydra
 12279 | Lair:3   | Reached XP level 13. HP: 48/124 MP: 12/12
 12574 | Lair:3   | Reached skill level 15 in Fighting
 13401 | Lair:4   | Found a staircase to the Slime Pits.
 14353 | Lair:4   | Identified the amulet of Redot {Spirit Rampage}
 14419 | Lair:5   | Entered Level 5 of the Lair of Beasts
 14607 | Lair:5   | Reached XP level 14. HP: 133/143 MP: 13/13
 14719 | Lair:5   | Reached skill level 10 in Armour
 14814 | Lair:5   | Received a gift from Trog
 15043 | Lair:5   | Identified the +2 robe of Anarchy {rC+ rCorr}
 15617 | Orc:1    | Entered Level 1 of the Orcish Mines
 15703 | Orc:2    | Entered Level 2 of the Orcish Mines
 15992 | Orc:2    | Found a staircase to the Elven Halls.
 16159 | Orc:1    | Noticed Erolcha
 16164 | Orc:1    | Killed Erolcha
 16861 | Orc:2    | Found Doeps's Magic Scroll Emporium.
 16879 | Orc:2    | Noticed Snorg
 16884 | Orc:2    | Found Citoes's Magic Scroll Shop.
 16895 | Orc:2    | HP: 9/223 [Snorg (17)]
 16896 | Orc:2    | Slain by Snorg

Illustrated notes

Levels and vault maps discovered:
D:1:      tarquinn_simple_flora_water_e, layout_basic, minmay_misc_feat_cross,
          minmay_close_crescents
D:2:      kennysheep_big_flooded_room, layout_basic,
          nicolae_elevator_lobby_asterisk
D:3:      layout_loops_ring, slow_altar_2
D:4:      layout_basic, minmay_temple_entry_trees, serial_bayou,
          serial_bayou_shore_a, serial_bayou_pond_e, serial_bayou_pond_b,
          serial_bayou_ford_a, serial_bayou_lake_a
D:5:      layout_basic, mainiacjoe_overflow_small_starburst,
          mainiacjoe_overflow_catch_the_wave, uniq_sigmund, uniq_duvessa
D:6:      minmay_recursive_quarters, layout_basic, serial_rivers,
          chequers_serial_rivers_large_b, chequers_serial_rivers_micro_d,
          chequers_serial_rivers_micro_c, chequers_serial_rivers_micro_a,
          uniq_prince_ribbit1
D:7:      layout_cave_pods, minmay_misc_feat_five
D:8:      layout_cave_pools, tso_metal_star, uniq_maurice
D:9:      layout_long_grid, david_orc_2
D:10:     cheibrodos_barr_body, layout_layer_cave, lemuel_round_altar,
          mainiacjoe_overflow_boulevard, chequers_mini_garden
D:11:     layout_long_grid, minmay_lair_entry_grove, kennysheep_another_room,
          chequers_serial_rivers_small_b
Lair:1:   layout_roguey, grunt_megastairs_2, uniq_fannar
Lair:2:   layout_cellular_growth, nicolae_shoals_entry_roost,
          spider_nest_entry_a, grunt_forest_stairs_basic, uniq_urug,
          uniq_amaemon
Lair:3:   layout_regular_city
Lair:4:   layout_hall_layers, minmay_slime_entry_pillars,
          nicolae_quartered_pool_impasse, pdpol_lair_cavern_descent,
          grunt_megastairs_1
Lair:5:   grunt_lair_end_beastmaster, layout_small_grid, lemuel_fruit_tree
Orc:1:    layout_diamond_mine, basic_altar, uniq_erolcha
Orc:2:    st_orc_elflike, layout_caves, guppyfry_library_mini, uniq_snorg

Skill      XL: |  1  2  3  4  5  6  7  8  9 10 11 12 13 14 |
---------------+-------------------------------------------+-----
Axes           | 4 5 6 7 8 9 11 14 17 19 20 | 20.7
Fighting       | 8 14 18 20 | 20.8
Armour         | 6 8 9 10 | 10.2
Dodging        | |  2.1

Action                     |  1- 3 |  4- 6 |  7- 9 | 10-12 | 13-15 || total
---------------------------+-------+-------+-------+-------+-------++-------
  Melee: Hand axe          |    72 |    69 |       |       |       ||   141
         Headbutt          |    10 |    14 |    45 |    74 |    82 ||   225
         Punch             |       |     1 |     1 |       |       ||     2
         Whip              |       |    42 |   207 |       |       ||   249
         Battleaxe         |       |       |    46 |   379 |   411 ||   836
 Invoke: Berserk           |       |     1 |     5 |    12 |     6 ||    24
         Trog's Hand       |       |     1 |     3 |     7 |     7 ||    18
         Brothers in Arms  |       |       |       |       |     1 ||     1
    Use: Scroll            |       |       |     8 |     6 |     7 ||    21
         Potion            |       |       |       |     6 |       ||     6
 Armour: Animal skin       |    18 |    14 |       |       |       ||    32
         Ring mail         |       |     5 |    30 |       |       ||    35
         Leather armour    |       |       |    31 |   112 |    76 ||   219
  Dodge: Dodged            |    58 |    56 |    95 |   190 |   126 ||   525
